 Dungeon Crawl Stone Soup version 0.30-a0-715-gdb4ae3ece1 (webtiles) character file.

Game seed: 16828084067006257046

7102 KennySheep the Blocker (level 11, 0/78 HPs)
             Began as a Formicid Fighter on Jan 24, 2023.
             Slain by a vampire (1 damage)
             ... on level 9 of the Dungeon.
             The game lasted 00:18:02 (9254 turns).

KennySheep the Blocker (Formicid Fighter)           Turns: 9254, Time: 00:18:03

Health: 0/78       AC: 19    Str: 26    XL:     11   Next: 31%
Magic:  16/17      EV: 12    Int:  7    God:
Gold:   945        SH: 11    Dex:  8    Spells: 10/10 levels left

rFire   . . .      SeeInvis +    a - +4 battleaxe (freeze)
rCold   . . .      Faith    .    x - +0 kite shield
rNeg    . . .      Spirit   .    I - +3 chain mail
rPois   +          Reflect  .    (helmet unavailable)
rElec   .          Harm     .    L - +2 cloak {Will+}
rCorr   .          Rampage  .    i - +0 pair of gloves
Will    ++...                    u - +0 pair of boots Stlth
                                 (no amulet)
HPRegen 0.33/turn                A - ring of Ydixaof {rPois Dex-5 Slay+2 SInv}
MPRegen 0.15/turn                s - +5 ring of evasion

@: studying Summonings
A: permanent stasis, dig shafts and tunnels, antennae 3, four strong arms,
iridescent scales 1, frail 1
a: Dig, Shaft Self


You were on level 9 of the Dungeon.
You visited 2 branches of the dungeon, and saw 10 of its levels.
You also visited: Ossuary and Bailey.

You collected 1146 gold pieces.
You spent 201 gold pieces at shops.

Inventory:

Hand Weapons
 a - a +4 battleaxe of freezing (weapon)
 K - a +0 war axe
 N - a +0 broad axe
Missiles
 l - 27 boomerangs (quivered)
Armour
 i - a +0 pair of gloves (worn)
 u - a +0 pair of boots (worn)
 w - the +3 leather armour of Orthodoxy {Stlth+}
   (You found it on level 4 of the Dungeon)

   Stlth:     It makes you more stealthy.
 x - a +0 kite shield (worn)
 I - a +3 chain mail (worn)
 L - a +2 cloak of willpower (worn)
 Q - the +0 troll leather armour of Light {rF+ Regen+ MP+9}
   (You found it in a bailey)

   rF:        It protects you from fire.
   MP:        It affects your magic capacity (+9).
   Regen:     It increases your rate of health regeneration.
Jewellery
 b - a ring of positive energy
 h - a ring of protection from cold
 m - a +6 ring of intelligence
 s - a +5 ring of evasion (right hand)
 t - a ring of flight
 A - the ring of Ydixaof (left hand) {rPois Dex-5 Slay+2 SInv}
   (You found it on level 5 of the Dungeon)

   [ring of see invisible]

   Dex:       It affects your dexterity (-5).
   Slay:      It affects your accuracy & damage with ranged weapons and melee
   (+2).
   rPois:     It protects you from poison.
   SInv:      It lets you see invisible.
Wands
 k - a wand of iceblast (7)
Scrolls
 d - 2 scrolls of immolation
 e - 7 scrolls of teleportation
 g - 6 scrolls of fear
 j - 2 scrolls of enchant weapon
 p - a scroll of magic mapping
 v - 2 scrolls of poison
 y - a scroll of torment
 D - a scroll of blinking
 H - 4 scrolls of identify
 O - a scroll of amnesia {unknown}
 P - a scroll of brand weapon {unknown}
Potions
 c - 3 potions of mutation
 f - 5 potions of curing
 n - 2 potions of attraction
 o - 2 potions of brilliance
 q - 4 potions of lignification
 r - a potion of degeneration
 z - 2 potions of might
 B - a potion of haste
 C - 2 potions of heal wounds
 F - a potion of berserk rage {unknown}
 G - a potion of ambrosia {unknown}
 M - 4 potions of flight


   Skills:
 + Level 8.4 Fighting
 * Level 10.1 Axes
 - Level 3.8 Armour
 + Level 11.9 Shields
 - Level 8.9 Invocations


You had 10 spell levels left.
You didn't know any spells.
Your spell library contained the following spells:

 Spells                   Type           Power      Damage    Failure   Level
 Apportation              Tloc           0%         N/A       99%         1
 Foxfire                  Conj/Fire      0%         2x1d4     99%         1
 Necrotise                Necr           0%         1d4       99%         1
 Sandblast                Erth           0%         2d4       99%         1
 Shock                    Conj/Air       0%         1d3       99%         1
 Slow                     Hex            0%         N/A       99%         1
 Summon Small Mammal      Summ           0%         N/A       99%         1
 Cigotuvi's Dreadful Rot  Necr/Pois/Air  0%         N/A       100%        2
 Ensorcelled Hibernation  Hex/Ice        0%         N/A       100%        2
 Passwall                 Tmut/Erth      0%         N/A       100%        2
 Poisonous Vapours        Pois/Air       0%         N/A       100%        2
 Call Canine Familiar     Summ           0%         N/A       100%        3
 Confusing Touch          Hex            0%         N/A       100%        3
 Kindle Blastsparks       Fire/Tloc/Air  0%         2d10      100%        3
 Mephitic Cloud           Conj/Pois/Air  0%         N/A       100%        3
 Portal Projectile        Hex/Tloc       0%         N/A       100%        3
 Spider Form              Tmut/Pois      0%         N/A       100%        3
 Stone Arrow              Conj/Erth      0%         3d7       100%        3
 Vampiric Draining        Necr           0%         2d6       100%        3
 Airstrike                Air            0%         2d(0-16)  100%        4
 Anguish                  Hex/Necr       0%         N/A       100%        4
 Fulminant Prism          Conj/Hex       0%         3d5       100%        4
 Iskenderun's Mystic Bla  Conj/Tloc      0%         2d3       100%        4
 Leda's Liquefaction      Hex/Erth       0%         N/A       100%        4
 Fireball                 Conj/Fire      0%         3d3       100%        5
 Lee's Rapid Deconstruct  Erth           0%         3d4*      100%        5
 Starburst                Conj/Fire      0%         6d3       100%        6
 Swiftness                Air            Unusable   N/A       N/A         3

Dungeon Overview and Level Annotations

Branches:
Dungeon (9/15)             Temple (1/1) D:6         Ossuary (visited)
 Bailey (visited)
   Lair: D:8-11         Orc: D:9-12

Altars:
Ashenzari
Cheibriados
Dithmenos
Elyvilon
Fedhas
Gozag
Hepliaklqana
Makhleb
Nemelex Xobeh
Qazlal
Ru
Sif Muna
Trog
Uskayaw
Vehumet
Xom
Zin
The Shining One

Shops:
D:4 ?   D:8 :


Innate Abilities, Weirdness & Mutations

You cannot be hasted, slowed, berserked, paralysed or teleported.
You can dig through walls and to a lower floor.
You have a pair of large antennae on your head. (SInv)
Your four strong arms can wield two-handed weapons with a shield.
You are partially covered in iridescent scales. (AC +2)
You are frail. (-10% HP)


Message History

The vampire is heavily damaged.
Aiming: Iceblast
Press: ? - help, Shift-Dir - straight line, f/p - vampire
Aim: a vampire (heavily damaged, slightly transparent)
The mass of ice explodes!
The iceblast engulfs the vampire.
The vampire partially resists.
The vampire is severely damaged.
Aiming: Iceblast
Press: ? - help, Shift-Dir - straight line, f/p - vampire
Aim: a vampire (severely damaged, slightly transparent)
The mass of ice explodes!
The iceblast engulfs the vampire.
The vampire partially resists.
The vampire is severely damaged.
You barely miss the vampire.
The vampire is severely damaged.
The vampire closely misses you. You block the vampire's attack.
You hit the vampire but do no damage.
The vampire is severely damaged.
The vampire completely misses you.
The vampire bites you but does no damage.
The vampire closely misses you.
The vampire bites you but does no damage.
You hit the vampire but do no damage.
The vampire is severely damaged.
The vampire closely misses you.
The vampire bites you but does no damage.
You barely miss the vampire.
The vampire is severely damaged.
The vampire hits you but does no damage.
The vampire bites you but does no damage.
You completely miss the vampire.
The vampire is severely damaged.
You block the vampire's attack. The vampire barely misses you.
You hit the vampire. You freeze the vampire.
The vampire is almost destroyed.
The vampire draws life force from you!!
* * * LOW HITPOINT WARNING * * *
The vampire is healed by the life force!
You block the vampire's attack. The vampire bites you.
You die...

,,,,,,,,,*,,,,*,*
*,,*****
,,,,,,,,,*,,,,#.* *..#
,,,,,,,^,*,,,,#.#####.>#
*****,,,,*,,,,+........#
*,,,,*,,,,#!.......#
*,,,,*,,,,#........#
*,,,,##+###...bbb..#
*,,,,..............#
*****,,,,.......@V.....#
,,,,,,,,,..##########..##
,,,,,......#{{{{.b.b#§§§#
,,.........#{{{{b..b#§§§#
,,.........#{{.bbbbb§§§§#
,,,........#{{.bbbb§§§..#
#####......#.{{bbbb)∩).b#
....#......#...b..{bbV..#
....#......#...{bVbbbb.##


You could see a vampire (invisible).

Vanquished Creatures
  Erica (D:8)
  Pikel (D:8)
  Prince Ribbit (D:6)
  A vampire (D:9)
  A wyvern (D:4)
  A steam dragon (D:8)
  Edmund (D:6)
  2 water moccasins (D:7)
  2 sky beasts
  2 black bears
  4 ogres (D:6)
  2 ice beasts
  10 orc warriors
  2 centaurs
  A lemure (D:8)
  A phantom (D:5)
  A kobold brigand (D:8)
  A bullfrog (D:8)
  2 necrophages
  2 scorpions (D:6)
  27 wights
  10 killer bees
  3 jellies
  2 centaur zombies (D:8)
  A hound (D:4)
  An orc priest (D:9)
  2 gnoll boudas
  2 iguanas
  3 orc wizards (D:9)
  A killer bee zombie (D:8)
  13 mummies (Ossuary)
  A howler monkey zombie (D:8)
  12 gnolls
  5 adders
  A shadow imp (D:5)
  2 white imps (D:6)
  3 worms
  4 dart slugs
  9 orcs
  5 ball pythons
  6 endoplasms
  A giant cockroach (D:2)
  9 goblins
  7 hobgoblins
  4 jackals
  24 kobolds
  A quokka (D:3)
  4 bats
  2 frilled lizards
  A gnoll skeleton (Ossuary)
  4 goblin skeletons (Ossuary)
  A kobold skeleton (Ossuary)
  2 orc skeletons (Ossuary)
  3 rats
  11 rat skeletons (Ossuary)
226 creatures vanquished.

Vanquished Creatures (others)
  2 demonic plants (D:1)
  4 withered plants (D:8)
6 creatures vanquished.

Grand Total: 232 creatures vanquished

Notes
Turn   | Place    | Note
-------+----------+-------------------------------------------
     0 | D:1      | KennySheep the Formicid Fighter began the quest for the
                  | Orb.
     0 | D:1      | Reached XP level 1. HP: 18/18 MP: 1/1
    41 | D:1      | Reached XP level 2. HP: 24/24 MP: 2/2
   107 | D:1      | Found a faded altar of an unknown god.
   107 | D:1      | Noticed a crimson imp
   616 | D:1      | Reached XP level 3. HP: 29/29 MP: 3/3
   981 | D:2      | Found a shadowy altar of Dithmenos.
  1140 | D:2      | Reached skill level 1 in Invocations
  1190 | D:2      | Reached XP level 4. HP: 25/37 MP: 4/4
  2069 | D:3      | Found a hazy altar of Hepliaklqana.
  2724 | D:4      | Reached XP level 5. HP: 36/42 MP: 6/6
  2929 | D:4      | Found Fydiu's Magic Scroll Shop.
  2935 | D:4      | Bought a scroll of poison for 52 gold pieces
  2935 | D:4      | Bought a scroll of magic mapping for 97 gold pieces
  2935 | D:4      | Bought a scroll of fear for 52 gold pieces
  3026 | D:4      | Identified the +3 leather armour of Orthodoxy {Stlth+}
  3230 | D:4      | Noticed a wyvern
  3232 | D:4      | Reached skill level 5 in Shields
  3239 | D:4      | Killed a wyvern
  3240 | D:4      | Reached XP level 6. HP: 14/49 MP: 6/8
  3382 | D:4      | Found a burning altar of Makhleb.
  3618 | D:5      | Entered Level 5 of the Dungeon
  3650 | D:5      | Reached XP level 7. HP: 54/55 MP: 9/9
  3667 | D:5      | Gained mutation: You have sharp fingernails. [potion of
                  | mutation]
  3667 | D:5      | Gained mutation: You are frail. (-10% HP) [potion of
                  | mutation]
  3667 | D:5      | Lost mutation: You have sharp fingernails. [potion of
                  | mutation]
  3667 | D:5      | Gained mutation: You are partially covered in iridescent
                  | scales. (AC +2) [potion of mutation]
  3958 | D:5      | Identified the ring of Ydixaof {rPois Dex-5 Slay+2 SInv}
  3987 | D:5      | Reached skill level 6 in Shields
  4489 | D:6      | Found a staircase to the Ecumenical Temple.
  4495 | Temple   | Entered the Ecumenical Temple
  4624 | D:6      | Reached skill level 5 in Fighting
  4624 | D:6      | Reached XP level 8. HP: 52/55 MP: 11/11
  4645 | D:6      | Noticed Prince Ribbit
  4654 | D:6      | Reached skill level 5 in Axes
  4654 | D:6      | Reached skill level 7 in Shields
  4654 | D:6      | Reached skill level 5 in Invocations
  4655 | D:6      | Killed Prince Ribbit
  4660 | D:6      | Found a sand-covered staircase.
  4669 | Ossuary  | Entered an ossuary
  5335 | D:6      | Reached skill level 8 in Shields
  5335 | D:6      | Reached XP level 9. HP: 47/61 MP: 13/13
  5575 | D:6      | Found a hide-covered altar of Uskayaw.
  5821 | D:6      | Noticed Edmund
  5852 | D:6      | Killed Edmund
  5867 | D:6      | Found a blossoming altar of Fedhas.
  6357 | D:7      | Reached skill level 9 in Shields
  6852 | D:7      | Found a broken altar of Ashenzari.
  6977 | D:7      | Reached XP level 10. HP: 68/69 MP: 15/15
  7510 | D:8      | Reached skill level 10 in Shields
  7653 | D:8      | Noticed Pikel
  7672 | D:8      | Killed Pikel
  7839 | D:8      | Found a glowing silver altar of Zin.
  8215 | D:8      | Noticed Erica
  8229 | D:8      | Killed Erica
  8230 | D:8      | Reached skill level 11 in Shields
  8246 | D:8      | Found Pood's Book Shop.
  8517 | D:9      | Reached XP level 11. HP: 65/76 MP: 17/17
  8565 | D:9      | Found a shimmering blue altar of Sif Muna.
  8713 | D:9      | Found a flagged portal.
  8722 | Bailey   | Entered a bailey
  8959 | Bailey   | Identified the +0 troll leather armour of Light {rF+ Regen+
                  | MP+9}
  9074 | Bailey   | Reached skill level 10 in Axes
  9254 | D:9      | HP: 1/78 [vampire/vampiric draining (21)]
  9254 | D:9      | Slain by a vampire

Illustrated notes

Levels and vault maps discovered:
D:1:      ncdulo_halloftheorcs, layout_basic,
          dreamdust_ecumenical_altar_sealed_demon,
          chequers_serial_rivers_micro_a, minmay_heptomino_d4
D:2:      layout_basic, basic_altar
D:3:      layout_basic, amcnicky_altar_gilded, minmay_misc_feat_columns
D:4:      layout_loops_cross, kennysheep_mini_moat, serial_shops, shop,
          minmay_manual_mess
D:5:      nicolae_cairo_tiling_large_dashed, layout_loops_cross
D:6:      layout_loops_ring, nicolae_overflow_hidden_temple,
          fedhas_ov_isle_minmay, minmay_temple_entry_grid,
          lightli_ossuary_entry_decrepit_ruins, uniq_prince_ribbit1, uniq_edmund
D:7:      layout_loops_ring, mainiacjoe_overflow_24_doors, grunt_decor_clamped
D:8:      layout_cave_pods, lemuel_doored_altar, serial_shops,
          nicolae_shop_advertising_works [nicolae_subvault_shop_adworks],
          serial_undead, serial_undead_c, serial_undead_b, serial_undead_a,
          serial_undead_e, uniq_pikel, uniq_erica
D:9:      layout_irregular_city, tgw_sif, enter_bailey_2
Temple:   compressed_dpeg_circular_temple

Skill      XL: |  1  2  3  4  5  6  7  8  9 10 11 |
---------------+----------------------------------+-----
Invocations    | 1 3 4 6 7 8 |  8.9
Axes           | 3 4 5 7 9 10 | 10.1
Fighting       | 4 5 6 7 8 |  8.4
Shields        | 5 6 8 9 11 | 11.9
Armour         | |  3.8

Action                     |  1- 3 |  4- 6 |  7- 9 | 10-12 || total
---------------------------+-------+-------+-------+-------++-------
  Melee: War axe           |    60 |   110 |   323 |    27 ||   520
         Battleaxe         |       |       |       |   199 ||   199
  Throw: Boomerang         |       |       |     1 |     5 ||     6
  Evoke: Wand              |       |       |       |     5 ||     5
    Use: Potion            |     1 |     2 |     7 |       ||    10
         Scroll            |       |     1 |     4 |     6 ||    11
   Stab: Sleeping          |       |       |     8 |       ||     8
 Armour: Scale mail        |    22 |    39 |       |       ||    61
         Leather armour    |       |     6 |    29 |       ||    35
         Chain mail        |       |       |    66 |    83 ||   149
  Dodge: Dodged            |    27 |    45 |   172 |   136 ||   380
  Block: Buckler           |    24 |    13 |       |       ||    37
         Kite shield       |       |     9 |   132 |   138 ||   279

Table legend: (Time is in decaauts)
 A = Elapsed time spent in this place.
 B = Non-inter-level travel time spent in this place.
 C = Inter-level travel time spent in this place.
 D = Time resting spent in this place.
 E = Time spent auto-exploring this place.
 F = Levels seen in this place.
 G = Mean time per level.
                   A        B        C        D        E       F      G
               +--------+--------+--------+--------+--------+-----+--------+
         Total |   9501 |   9212 |    289 |    991 |   5953 |  12 |  791.8 |
       Dungeon |   8192 |   7903 |    289 |    844 |   5358 |   9 |  910.2 |
        Temple |    125 |    125 |      0 |      0 |     89 |   1 |  125.0 |
       Ossuary |    655 |    655 |      0 |     41 |    389 |   1 |  655.0 |
        Bailey |    528 |    528 |      0 |    106 |    117 |   1 |  528.0 |
               +--------+--------+--------+--------+--------+-----+--------+

Top non-repeatable levels by time:
     D:7: 1298 daAuts
     D:8: 1125 daAuts
     D:1: 964 daAuts
     D:6: 954 daAuts
     D:4: 929 daAuts
     D:2: 917 daAuts
     D:3: 874 daAuts
     D:5: 866 daAuts
 Ossuary: 655 daAuts
  Bailey: 528 daAuts
     D:9: 261 daAuts
  Temple: 125 daAuts
